 Dungeon Crawl Stone Soup version 0.19.0 (webtiles) character file.

2047 CanadianGator the Cleaver (level 9, -3/70 HPs)
             Began as a Minotaur Fighter on Nov 9, 2016.
             Slain by a thrashing horror (11 damage)
             ... on level 1 of the Abyss on Nov 10, 2016.
             The game lasted 00:23:01 (3688 turns).

CanadianGator the Cleaver (Minotaur Fighter)        Turns: 3688, Time: 00:23:01

Health: -3/70      AC: 11    Str: 22    XL:     9   Next: 4%
Magic:  8/8        EV:  9    Int:  5    God:
Gold:   375        SH: 11    Dex: 12    Spells: 0 memorised, 8 levels left

rFire  . . .     SeeInvis .     a - +1 war axe
rCold  . . .     Gourm    .     b - +0 scale mail
rNeg   . . .     Faith    .     c - +0 shield
rPois  .         Spirit   .     (helmet restricted)
rElec  .         Reflect  .     z - +1 cloak
rCorr  .         Harm     .     E - +0 pair of gloves
MR     .....                    (no boots)
Stlth  ..........               n - amulet of regeneration
                                C - +6 ring of slaying
                                D - ring of loudness (curse)

@: no status effects
A: retaliatory headbutt, horns 2, blurry vision 1, frail 1, slow regeneration 1,
evolution 1
a: no special abilities


You were on level 1 of the Abyss.
You were not hungry.

You visited 1 branch of the dungeon, and saw 7 of its levels.
You visited the Abyss 1 time.

You collected 375 gold pieces.

Inventory:

Hand Weapons
 a - a +1 war axe (weapon)
 H - the +8 shortbow "Owaiplah" {venom, rN+, unknown}
   (You found it on level 7 of the Dungeon)

   It poisons the ammo it fires.
   It protects you from negative energy.
 J - a +2 hunting sling of velocity
 R - a cursed +4 hand axe
Missiles
 I - 6 tomahawks of dispersal (quivered)
 L - 14 sling bullets
Armour
 b - a +0 scale mail (worn)
 c - a +0 shield (worn)
 z - a +1 cloak (worn)
 E - a +0 pair of gloves (worn)
Jewellery
 j - an uncursed ring of resist corrosion
 n - an amulet of regeneration (around neck)
 p - an uncursed ring of stealth
 C - a +6 ring of slaying (right hand)
 D - a cursed ring of loudness (left hand)
Wands
 o - a wand of enslavement (8/24)
 O - a wand of lightning (5/15)
 P - a wand of confusion (33/48)
Scrolls
 e - a scroll of fear
 i - 2 scrolls of fog
 k - a scroll of immolation {unknown}
 l - a scroll of amnesia
 m - a scroll of enchant weapon
 t - a scroll of teleportation
 u - a scroll of magic mapping
 y - a scroll of random uselessness
 G - a scroll of enchant armour
 K - a scroll of recharging {unknown}
Potions
 d - a potion of lignification {unknown}
 g - 2 potions of flight
 r - 3 potions of curing
 s - 2 potions of invisibility
 v - 2 potions of cure mutation {unknown}
 A - a potion of beneficial mutation {unknown}
 B - a potion of haste {unknown}
 M - a potion of cancellation {unknown}
 Q - a potion of degeneration {unknown}
 T - 2 potions of magic {unknown}
Books
 x - a book of Misfortune

   Spells                             Type                      Level
   a - Confusing Touch                Hexes                        1
   b - Confuse                        Hexes                        3
   c - Gell's Gravitas                Hexes/Translocation          3
   d - Petrify                        Transmutation/Earth          4
   e - Metabolic Englaciation         Hexes/Ice                    5
   f - Yara's Violent Unravelling     Hexes/Transmutation          5
 F - a book of Cantrips

   Spells                             Type                      Level
   a - Confusing Touch                Hexes                        1
   b - Animate Skeleton               Necromancy                   1
   c - Summon Small Mammal            Summoning                    1
   d - Apportation                    Translocation                1
 N - the Grimoire of Helpful Execration
   (You found it on level 8 of the Dungeon)

   Spells                             Type                      Level
   a - Swiftness                      Charms/Air                   2
   b - Slow                           Hexes                        2
   c - Tukima's Dance                 Hexes                        3
   d - Summon Mana Viper              Hexes/Summoning              5
   e - Discord                        Hexes                        8
Comestibles
 f - 3 bread rations
 h - 4 fruits
 w - a meat ration
 S - a royal jelly


   Skills:
 * Level 6.9 Fighting
 * Level 8.2 Axes
 + Level 2.1(2.2) Slings
 + Level 2.5 Bows
 - Level 0.2(1.2) Throwing
 * Level 7.3 Armour
 - Level 1.3 Dodging
 - Level 0.3 Stealth
 * Level 7.3 Shields


You had 8 spell levels left.
You didn't know any spells.

Dungeon Overview and Level Annotations

Branches:
Dungeon (9/15)
 Temple: D:4-7         Lair: D:8-11         Orc: D:9-12

Altars:

Shops:
D:8 %

Annotations:
D:9 Erolcha


Innate Abilities, Weirdness & Mutations

You reflexively headbutt those who attack you in melee.
You have a pair of horns on your head.
Scrolls take you a little longer to read.
You are frail. (-10% HP)
You regenerate slowly when monsters are visible.
You evolve.


Message History

The thrashing horror tramples you.
* * * LOW HITPOINT WARNING * * *
You hold your ground!
The thrashing horror closely misses you.
You feel better.
The thrashing horror roars!
The thrashing horror tramples you.
* * * LOW HITPOINT WARNING * * *
You hold your ground!
You block the thrashing horror's attack.
The thrashing horror roars!
The thrashing horror tramples you!
* * * LOW HITPOINT WARNING * * *
You stumble backwards!
The thrashing horror roars!
The thrashing horror closely misses you.
The thrashing horror tramples you but does no damage.
The thrashing horror roars!
The thrashing horror tramples you!
You die...

.........#
..#
..#####.###
#. # #. #
#.....##..#
## #
...#..4.# #
# # ###
####.# .# .
#.###.# ##
#..#..#
#..X#
#.##@#
###.#.# #.
## .. ###


You could see a thrashing horror and an ice devil.

Vanquished Creatures
  Joseph (D:7)
  2 hippogriffs
  2 sky beasts
  An ice beast (D:9)
  A phantom (D:7)
  2 ogres (D:8)
  A bullfrog (D:9)
  A water moccasin zombie (D:7)
  3 scorpions
  3 wights (D:8)
  An orc priest (D:7)
  3 orc wizards (D:7)
  An iguana (D:7)
  4 worker ants
  6 adders
  2 shadow imps (D:7)
  5 oozes
  2 worms
  2 dart slugs (D:2)
  2 leopard geckos
  11 orcs
  2 ball pythons (D:1)
  7 bats
  2 giant cockroaches (D:2)
  10 goblins
  9 hobgoblins
  10 jackals
  8 kobolds
  4 quokkas
  A frilled lizard (D:2)
  6 rats
115 creatures vanquished.

Notes
Turn   | Place    | Note
-------+----------+-------------------------------------------
     0 | D:1      | CanadianGator the Minotaur Fighter began the quest for the Orb.
     0 | D:1      | Reached XP level 1. HP: 19/19 MP: 0/0
    27 | D:1      | Reached XP level 2. HP: 21/26 MP: 1/1
   295 | D:1      | Reached XP level 3. HP: 33/33 MP: 2/2
   633 | D:2      | Reached skill level 3 in Axes
   667 | D:2      | Reached XP level 4. HP: 39/40 MP: 3/3
  1275 | D:2      | Gained mutation: Your mind is acute. (Int +2) [potion of mutation]
  1275 | D:2      | Lost mutation: Your mind is acute. (Int +2) [potion of mutation]
  1275 | D:2      | Gained mutation: Scrolls take you a little longer to read. [potion of mutation]
  1509 | D:3      | Noticed a sky beast
  1519 | D:3      | Killed a sky beast
  1519 | D:3      | Reached skill level 4 in Axes
  1519 | D:3      | Reached skill level 5 in Shields
  1519 | D:3      | Reached XP level 5. HP: 41/46 MP: 4/4
  1798 | D:3      | Reached skill level 5 in Armour
  2344 | D:4      | You fall through a shaft for 3 floors!
  2353 | D:7      | Reached XP level 6. HP: 53/53 MP: 5/5
  2357 | D:7      | Reached skill level 5 in Axes
  2462 | D:7      | Reached skill level 1 in Dodging
  2529 | D:7      | Got a steaming shortbow
  2579 | D:7      | Noticed a sky beast
  2582 | D:7      | Killed a sky beast
  2582 | D:7      | Reached XP level 7. HP: 53/60 MP: 6/6
  2583 | D:7      | Reached skill level 5 in Fighting
  2590 | D:7      | Gained mutation: You evolve. [mutagenic meat]
  2591 | D:7      | Gained mutation: You regenerate slowly when monsters are visible. [mutagenic meat]
  2592 | D:7      | Gained mutation: Your body sometimes deteriorates upon taking damage. [mutagenic meat]
  2593 | D:7      | Gained mutation: You are frail. (-10% HP) [mutagenic meat]
  2643 | D:7      | Noticed Joseph
  2660 | D:7      | Killed Joseph
  2660 | D:7      | Reached skill level 7 in Axes
  2719 | D:7      | Noticed a hippogriff
  2726 | D:7      | Killed a hippogriff
  2726 | D:7      | Reached XP level 8. HP: 62/62 MP: 7/7
  2801 | D:7      | Reached skill level 1 in Bows
  2825 | D:7      | Reached skill level 1 in Slings
  2985 | D:8      | Identified the Grimoire of Helpful Execration
  3062 | D:8      | Noticed a hippogriff
  3067 | D:8      | Killed a hippogriff
  3103 | D:8      | Found Geugid's Food Boutique.
  3134 | D:8      | Lost mutation: Your body sometimes deteriorates upon taking damage. [evolution]
  3166 | D:8      | Reached skill level 8 in Axes
  3617 | D:9      | Reached XP level 9. HP: 70/70 MP: 8/8
  3637 | D:9      | Noticed Erolcha
  3637 | D:9      | Cast into level 1 of the Abyss (Erolcha)
  3660 | Abyss:1  | Noticed a thrashing horror
  3668 | Abyss:1  | Noticed an ice devil
  3688 | Abyss:1  | Slain by a thrashing horror

Skill      XL: |  1  2  3  4  5  6  7  8 |
---------------+-------------------------+-----
Shields        | 4 5 6 7 |  7.3
Armour         | 4 5 6 7 |  7.3
Axes           | 3 4 5 7 8 |  8.2
Fighting       | 4 5 6 |  6.9
Dodging        | 1 |  1.3
Bows           | 2 |  2.5
Slings         | 2 |  2.1
Throwing       | |  0.2
Stealth        | |  0.3

Action                   |  1- 3 |  4- 6 |  7- 9 || total
-------------------------+-------+-------+-------++-------
Melee: War axe           |    70 |    97 |    57 ||   224
       Headbutt          |    14 |    15 |    19 ||    48
 Fire: Hunting sling     |       |       |    23 ||    23
Throw: Tomahawk          |       |       |     2 ||     2
  Use: Scroll            |       |     7 |     6 ||    13
       Potion            |       |     2 |     2 ||     4
  Eat: Chunk             |       |     5 |     7 ||    12
       Bread ration      |       |       |     1 ||     1
Armor: Scale mail        |    32 |    48 |    31 ||   111
Dodge: Dodged            |    26 |    27 |    21 ||    74
Block: Shield            |    40 |    66 |    44 ||   150
